 Dungeon Crawl Stone Soup version 0.24.0-35-gdb84b6a5db (webtiles) character file.

Game seed: 595460482689700654, levelgen mode: deterministic

641273 Johnny the Swordmaster (level 27, 0/444 HPs)
             Began as a Troll Berserker on Nov 18, 2019.
             Was the Champion of Cheibriados.
             Slain by an azure jelly (2 damage)
             ... created by the Royal Jelly
             ... on level 5 of the Pits of Slime on Nov 19, 2019.
             The game lasted 02:20:31 (59588 turns).

Johnny the Swordmaster (Troll Berserker)           Turns: 59588, Time: 02:20:32

Health: 0/444      AC: 16    Str: 67    XL:     27
Magic:  23/31      EV: 11    Int: 20    God:    Cheibriados [******]
Gold:   1395       SH:  0    Dex: 28    Spells: 29/32 levels left

rFire    + + +     SeeInvis .   A - +5 triple sword (vamp)
rCold    . . .     Gourm    +   (shield currently unavailable)
rNeg     . . .     Faith    .   U - +0 acid dragon scales
rPois    +         Spirit   .   u - +2 hat of Ryceupreu {Str+4 Dex+2}
rElec    +         Reflect  .   G - +2 cloak {rPois}
rCorr    +         Harm     .   (gloves unavailable)
MR       ++++.     Rnd*Rage +   (boots unavailable) Stlth ..........Rnd*Tele +
                                t - amulet "Nosed" {rF++ Regen+ Str+3 Int-2}
HPRegen  1.64/turn              I - ring "Rowkeat" {rElec rPois rF+}
MPRegen  0.22/turn              W - ring "Isued" {rF+ MR+ Int+4 Stlth+}

@: berserking (expiring), corroded, studying Evocations, very slow
A: large, unfitting armour, claws 3, molten scales 1, thin skeletal structure 1,
berserk 2, fast metabolism 3, gourmand, magic resistance 1, poison resistance,
regeneration 1, shaggy fur 1, teleportitis 1, tough skin 3, weak 1, no potion
heal 1, subdued magic 1
}: 3/15 runes: decaying, serpentine, silver
a: Bend Time, Temporal Distortion, Slouch, Step From Time, Renounce Religion


You were on level 5 of the Pits of Slime.
You worshipped Cheibriados.
Cheibriados was exalted by your worship.
You were very full.

You visited 9 branches of the dungeon, and saw 49 of its levels.
You visited the Abyss 3 times.
You visited 1 bazaar.
You also visited: Sewer, Bailey, Gauntlet, Ice Cave, Volcano and Desolation.

You collected 7260 gold pieces.
You spent 5865 gold pieces at shops.

Inventory:

Hand Weapons
 A - a +5 vampiric triple sword (weapon)
 H - a +6 vampiric great sword
 N - the +25 sword of Power
   (You found it in the Desolation of Salt)
 Q - a +9 great sword of draining
 S - the +9 great sword of Descent {holy, rPois MR- Str+4 Int+2}
   (Trog gifted it to you in the Desolation of Salt)

   It has been blessed by the Shining One to cause great damage to the undead
   and demons.
   It affects your strength (+4).
   It affects your intelligence (+2).
   It protects you from poison.
   It affects your resistance to hostile enchantments.
Missiles
 f - 8 throwing nets (quivered)
Armour
 u - the +2 hat of Ryceupreu (worn) {Str+4 Dex+2}
   (You found it in the Desolation of Salt)

   It affects your strength (+4).
   It affects your dexterity (+2).
 G - a +2 cloak of poison resistance (worn)
 T - +10 gold dragon scales
 U - +0 acid dragon scales (worn)
Jewellery
 e - the ring "Mazyth" {rN+ Str-5 Int+6}
   (You took it off an imperial myrmidon in the Desolation of Salt)

   [ring of positive energy]

   It affects your strength (-5).
   It affects your intelligence (+6).
   It protects you from negative energy.
 t - the amulet "Nosed" (around neck) {rF++ Regen+ Str+3 Int-2}
   (You found it on level 1 of the Lair of Beasts)

   [amulet of regeneration]

   It affects your strength (+3).
   It affects your intelligence (-2).
   It greatly protects you from fire.
   It increases your rate of regeneration.
 I - the ring "Rowkeat" (left claw) {rElec rPois rF+}
   (You found it in the Desolation of Salt)

   [ring of protection from fire]

   It protects you from fire.
   It insulates you from electricity.
   It protects you from poison.
 W - the ring "Isued" (right claw) {rF+ MR+ Int+4 Stlth+}
   (You found it on level 8 of the Dungeon)

   [ring of stealth]

   It affects your intelligence (+4).
   It protects you from fire.
   It affects your resistance to hostile enchantments.
   It makes you more stealthy.
Wands
 i - a wand of iceblast (3)
 K - a wand of enslavement (12)
 O - a wand of digging (5)
Scrolls
 b - a scroll of amnesia
 g - 3 scrolls of magic mapping
 k - 26 scrolls of remove curse
 m - 3 scrolls of holy word
 n - a scroll of silence
 o - 7 scrolls of immolation
 p - 15 scrolls of fog
 q - 4 scrolls of identify
 s - 6 scrolls of fear
 v - 2 scrolls of vulnerability
 y - 3 scrolls of teleportation
 C - a scroll of noise
 X - 2 scrolls of torment
 Y - 4 scrolls of brand weapon
Potions
 a - 4 potions of cancellation
 d - a potion of agility
 j - 12 potions of flight
 l - 6 potions of berserk rage
 r - 8 potions of magic
 z - 10 potions of might
 B - 8 potions of brilliance
 D - 11 potions of lignification
 F - 14 potions of curing
 J - 5 potions of ambrosia
 M - 11 potions of mutation
 R - 2 potions of resistance
 Z - 2 potions of invisibility
Books
 P - a manual of Evocations
Miscellaneous
 h - a lamp of fire
 w - a sack of spiders
 x - a box of beasts
 E - 2 phantom mirrors
 L - a lightning rod (4/4)
 V - a phial of floods
Comestibles
 c - 108 rations


   Skills:
 + Level 21.1 Fighting
 O Level 27 Long Blades
 - Level 12.1 Armour
 - Level 2.4 Dodging
 + Level 3.1 Spellcasting
 + Level 12.6 Translocations
 - Level 12.0 Invocations


You had 29 spell levels left.
You knew the following spells:

 Your Spells              Type           Power        Failure   Level  Hunger
a - Blink                 Tloc           N/A          1%          2    ##.....
b - Summon Butterflies    Summ           #.......     12%         1    None

Your spell library contained the following spells:

 Spells                   Type           Power        Failure   Level  Hunger
 Apportation              Tloc           #####.       1%          1    None
 Lesser Beckoning         Tloc           #####.....   1%          3    ###....
 Passage of Golubria      Tloc           N/A          1%          4    ####...
 Animate Skeleton         Necr           N/A          12%         1    None
 Confusing Touch          Hex            #.....       12%         1    None
 Corona                   Hex            #......      12%         1    None
 Flame Tongue             Conj/Fire      #....        12%         1    None
 Freeze                   Ice            #...         12%         1    None
 Magic Dart               Conj           #...         12%         1    None
 Sandblast                Erth           #.....       12%         1    None
 Shock                    Conj/Air       #...         12%         1    None
 Summon Small Mammal      Summ           #...         12%         1    None
 Call Imp                 Summ           #.......     19%         2    ##.....
 Ensorcelled Hibernation  Hex/Ice        #.....       19%         2    ##.....
 Passwall                 Tmut/Erth      #.......     19%         2    ##.....
 Slow                     Hex            #.......     19%         2    ##.....
 Sublimation of Blood     Necr           #.........   19%         2    ##.....
 Swiftness                Chrm/Air       #.......     19%         2    ##.....
 Throw Flame              Conj/Fire      #.....       19%         2    ##.....
 Throw Frost              Conj/Ice       #.....       19%         2    ##.....
 Confuse                  Hex            #.......     36%         3    ###....
 Conjure Flame            Conj/Fire      #.......     36%         3    ###....
 Dazzling Spray           Conj/Hex       #.....       36%         3    ###....
 Ignite Poison            Fire/Tmut/Pois #.......     36%         3    ###....
 Inner Flame              Hex/Fire       #.......     36%         3    ###....
 Mephitic Cloud           Conj/Pois/Air  #.......     36%         3    ###....
 Ozocubu's Armour         Chrm/Ice       #.......     36%         3    ###....
 Static Discharge         Conj/Air       #.......     36%         3    ###....
 Stone Arrow              Conj/Erth      #.....       36%         3    ###....
 Tukima's Dance           Hex            #.......     36%         3    ###....
 Airstrike                Air            #.........   78%         4    ####...
 Cause Fear               Hex            #.........   78%         4    ####...
 Ice Form                 Ice/Tmut       #.......     78%         4    ####...
 Petrify                  Tmut/Erth      #.......     78%         4    ####...
 Sticky Flame             Conj/Fire      #.......     78%         4    ####...
 Summon Ice Beast         Ice/Summ       #.......     78%         4    ####...
 Summon Lightning Spire   Summ/Air       #.......     78%         4    ####...
 Alistair's Intoxication  Tmut/Pois      #.......     98%         5    ######.
 Fireball                 Conj/Fire      #.........   98%         5    ######.
 Irradiate                Conj/Tmut      #.........   98%         5    ######.
 Iskenderun's Battlesphe  Conj/Chrm      #.......     98%         5    ######.
 Lee's Rapid Deconstruct  Erth           #.........   98%         5    ######.
 Lightning Bolt           Conj/Air       #.........   98%         5    ######.
 Metabolic Englaciation   Hex/Ice        #.........   98%         5    ######.
 Silence                  Hex/Air        #.........   98%         5    ######.
 Summon Mana Viper        Hex/Summ       #.......     98%         5    ######.
 Venom Bolt               Conj/Pois      #.........   98%         5    ######.
 Yara's Violent Unravell  Hex/Tmut       #.........   98%         5    ######.
 Bolt of Cold             Conj/Ice       #.........   100%        6    #######
 Bolt of Fire             Conj/Fire      #.........   100%        6    #######
 Conjure Ball Lightning   Conj/Air       #.........   100%        6    #######
 Darkness                 Hex            #.........   100%        6    #######
 Deflect Missiles         Chrm/Air       #.........   100%        6    #######
 Freezing Cloud           Conj/Ice/Air   #.........   100%        6    #######
 Hydra Form               Tmut           #.........   100%        6    #######
 Invisibility             Hex            #.......     100%        6    #######
 Iron Shot                Conj/Erth      #.........   100%        6    #######
 Ozocubu's Refrigeration  Ice            #.........   100%        6    #######
 Poison Arrow             Conj/Pois      #.........   100%        6    #######
 Simulacrum               Ice/Necr       #.........   100%        6    #######
 Haunt                    Necr/Summ      #.........   100%        7    #######
 Ring of Flames           Chrm/Fire      #.........   100%        7    #######
 Borgnjor's Revivificati  Necr           #.........   100%        8    #######
 Chain Lightning          Conj/Air       #.........   100%        8    #######
 Death's Door             Chrm/Necr      #.........   100%        8    #######
 Discord                  Hex            #.........   100%        8    #######
 Ignition                 Fire           #.........   100%        8    #######
 Infestation              Necr           #.........   100%        8    #######
 Lehudib's Crystal Spear  Conj/Erth      #.........   100%        8    #######
 Necromutation            Tmut/Necr      #.........   100%        8    #######
 Fire Storm               Conj/Fire      #.........   100%        9    #######
 Glaciate                 Conj/Ice       #.........   100%        9    #######
 Shatter                  Erth           #.........   100%        9    #######
 Tornado                  Air            #.........   100%        9    #######


Dungeon Overview and Level Annotations

Branches:
Dungeon (15/15)            Temple (0/1) D:5            Lair (6/6) D:9
  Swamp (4/4) Lair:4        Snake (4/4) Lair:3        Slime (5/5) Lair:5
    Orc (2/2) D:11            Elf (3/3) Orc:2        Vaults (5/5) D:13
  Crypt (0/3) Vaults:3     Depths (5/5) D:15            Zot (0/5) Depths:5
  Sewer (visited)          Bailey (visited)           IceCv (visited)
Volcano (visited)         Desolation (visited)      Gauntlet (visited)

Altars:
Cheibriados
Fedhas
Gozag
Kikubaaqudgha
Sif Muna
Trog
Vehumet
Wu Jian
Yredelemnul
Zin
Beogh

Shops:
D:8 (   Orc:1 :   Orc:2 !!}!   Elf:1 ==   Snake:1 ?   Vaults:2 [   Vaults:4 (
Vaults:5 :

Portals:
Hell: Depths:1 Depths:2 Depths:3 Depths:4 Depths:5
Abyss: Depths:4
Pandemonium: Depths:3
Ziggurat: Depths:1

Annotations:
D:5 1 runed translucent door, barb4r1an's ghost, novice OpTm
Slime:5 Royal Jelly


Innate Abilities, Weirdness & Mutations

You are too large for most types of armour.
You have claws for hands.
Your metabolism is lightning-fast.
You like to eat raw meat.
Your natural rate of healing is unusually fast.
You are covered in fur. (AC +1)
You have extremely tough skin. (AC +3)
You are partially covered in molten scales. (AC +2)
You have a somewhat thin skeletal structure. (Dex +2, Stealth)
You often lose your temper in combat.
You are resistant to hostile enchantments. (MR+)
Your system is resistant to poisons. (rPois)
You are occasionally teleported next to monsters.
You are weak. (Str -2)
Potions are less effective at restoring your health.
Your spells are a little easier to cast, but a little less powerful.


Message History

* * * LOW HITPOINT WARNING * * *
The acid blob spits acid at you. The splash of acid hits you. You resist.
* * * LOW HITPOINT WARNING * * *
You are splashed with acid.
You resist.
* * * LOW HITPOINT WARNING * * *
The troll rages.
The large slime creature hits you.
* * * LOW HITPOINT WARNING * * *
Unknown command.
You open the very large slime creature like a pillowcase!!!
You kill the very large slime creature!
Cheibriados appreciates the change of pace.
The azure jelly jiggles.
The azure jelly hits you.
* * * LOW HITPOINT WARNING * * *
The azure jelly freezes you!!
* * * LOW HITPOINT WARNING * * *
The azure jelly barely misses you. The azure jelly hits you.
You die...

### ##* #####.####
#.#####..#....J##
##......#.....JJJ#####
.............CJJJJJ..#**
.............JOJJJJ..#.#**
.............CJ.@JJ.....,*
..............TJJJ......****
..............ChTJ......,,,**
......ยง.................,,,,*
........................,,,,**
.....................J..,,,,,****
........................,,,,,,,,*
........................,,,,,,,**
......................,,,,,,,,,**


You could see the Royal Jelly, 9 acid blobs, 6 azure jellies, a large slime
creature, a slime creature, a two-headed ogre (berserk), a deep troll (berserk),
4 death oozes, 3 cyclopes, a polar bear (berserk) and a troll (berserk).

Vanquished Creatures
  An ancient lich (Vaults:5)
  Mara (Swamp:4)
  The ghost of Miutz the Metallomancer, a master GrEE of Vehumet (Depths:1)
  A juggernaut (Depths:4)
  Sojobo (Depths:5)
  Vashnia (Snake:2)
  2 caustic shrikes
  7 golden dragons
  A profane servitor (Abyss:3)
  Nikola (Depths:1)
  A bone dragon (Swamp:4)
  4 tentacled monstrosities
  Jorgrun (Swamp:1)
  Rupert (Lair:6)
  3 liches
  4 titans
  2 quicksilver dragons
  3 deep elf blademasters
  2 deep elf master archers (Elf:3)
  2 tentacled starspawn (Abyss:3)
  Frances (Swamp:1)
  4 sphinxes
  Agnes (Elf:2)
  Gastronok (D:8)
  2 thorn hunters (Swamp:4)
  14 acid blobs
  The ghost of Adoajy the Bludgeoner, an adept DsWr of Ru (Vaults:2)
  Donald (Snake:1)
  3 shadow dragons
  6 storm dragons
  4 tengu reavers
  The ghost of kmx the Thaumaturge, an adept GnWz of Cheibriados (Elf:2)
  An azure jelly (shapeshifter) (Elf:3)
  9 nagarajas
  The ghost of coldbreeze the Peltast, a journeyman DrGl of Makhleb (Snake:1)
  3 orc warlords
  5 azure jellies
  8 frost giants
  Aizul (Snake:1)
  14 deep elf sorcerers
  10 fire giants
  A balrug (Depths:3)
  A draconian knight (Depths:5)
  5 iron dragons
  12 vault wardens
  A caustic shrike zombie (Depths:2)
  Louise (Snake:1)
  A cacodemon (Abyss:3)
  8 deep elf elementalists
  4 imperial myrmidons (Desolation)
  17 ironheart preservers
  A spriggan defender (Depths:4)
  A draconian annihilator (Depths:5)
  A war gargoyle (Vaults:5)
  30 stone giants
  2 entropy weavers (shapeshifter)
  26 very ugly things
  A green draconian (Depths:5)
  7 deep elf demonologists
  7 deep elf annihilators
  2 vampire knights
  3 black draconians
  A minotaur (Gauntlet)
  2 white draconians (Depths:5)
  A halazid warlock (Desolation)
  A green death (Abyss:3)
  3 spark wasps
  8 ettins
  A merfolk javelineer (Depths:4)
  7 deep elf death magi
  An eidolon (Abyss:2)
  3 death oozes
  7 fire dragons
  13 deep elf high priests
  The ghost of Weugil the Slicer, a journeyman HaBe of Trog (Lair:2)
  A crystal guardian (Desolation)
  Josephine (D:13)
  18 yaktaur captains
  8 great orbs of eyes
  13 ragged hierophants (Desolation)
  5 rakshasas
  Harold (D:7)
  3 ghost crabs
  30 vault guards
  18 hydras
  9 ice dragons
  10 servants of whispers (Desolation)
  16 naga warriors
  7 peacekeepers (Desolation)
  10 anacondas
  5 catoblepae
  13 centaur warriors
  5 shambling mangroves
  3 spriggan air magi
  15 alligators
  49 two-headed ogres
  31 dancing weapons
  4 death knights
  A vampire mage (Depths:1)
  14 ogre magi
  11 death yaks (Lair:6)
  11 orc high priests
  A satyr (Abyss:3)
  9 deep troll shamans
  5 tengu warriors
  A queen ant (shapeshifter) (Vaults:5)
  9 deep troll earth magi
  3 thrashing horrors (Abyss:3)
  9 shock serpents
  22 deep elf knights
  7 hell knights
  8 spriggan berserkers
  13 naga sharpshooters
  2 soul eaters (Depths:3)
  Sonja (Lair:4)
  A wretched star (Abyss:3)
  3 spriggans
  7 salamander mystics
  A sun demon (Abyss:2)
  A fire crab (shapeshifter) (Vaults:3)
  9 skeletal warriors
  A golden dragon zombie (Depths:2)
  13 iron trolls
  A shadow wraith (Vaults:5)
  A fire crab (Lair:6)
  A sixfirhy (Abyss:2)
  4 flayed ghosts
  6 naga ritualists
  7 unseen horrors
  6 sea snakes (Snake:2)
  45 deep trolls
  5 swamp dragons
  6 glowing orange brains
  A swamp dragon (shapeshifter) (Vaults:5)
  2 spriggan druids
  6 phantasmal warriors
  8 wizards
  An obsidian statue (D:8)
  3 harpies (Vaults:4)
  2 spectral hydras (Swamp:4)
  16 ironbrand convokers
  74 deep elf magi
  Pikel (D:9)
  18 deep elf archers
  27 orc knights
  6 necromancers
  A mana viper (shapeshifter) (Vaults:5)
  2 orc sorcerers
  4 manticores
  10 mana vipers
  4 wolf spiders
  A wolf spider (shapeshifter) (Depths:2)
  A frost giant zombie (Depths:2)
  51 ugly things
  3 oklob plants (Lair:5)
  A tengu skeleton (Vaults:4)
  A moth of wrath (Swamp:4)
  An elephant (shapeshifter) (Depths:2)
  22 salamanders
  5 shining eyes
  13 elephants
  26 cyclopes
  Joseph (Lair:1)
  5 toenail golems (Volcano)
  3 ice statues (IceCv)
  An eye of devastation (shapeshifter) (Vaults:5)
  8 vault sentinels
  2 torpor snails
  5 rust devils
  A molten gargoyle (Desolation)
  A guardian serpent (shapeshifter) (Vaults:5)
  9 guardian serpents
  27 black mambas
  An apocalypse crab (Abyss:3)
  17 naga magi
  A titan simulacrum (Vaults:5)
  2 smoke demons (Abyss:3)
  2 eyes of devastation
  21 spiny frogs
  3 orange demons (Abyss:3)
  The ghost of losten the Skirmisher, a novice DsBe of Trog (D:6)
  3 gargoyles
  2 black mambas (shapeshifter)
  A yaktaur zombie (Vaults:5)
  11 freezing wraiths
  5 swamp worm zombies (Swamp:4)
  2 kobold demonologists (D:11)
  3 rime drakes (Lair:1)
  A tormentor (Abyss:2)
  3 efreet
  67 yaktaurs
  5 komodo dragons
  7 ice devils
  2 tengu conjurers
  6 ancient zymes
  A human skeleton (Vaults:4)
  3 hydra zombies (Swamp:4)
  A jumping spider (shapeshifter) (Vaults:5)
  2 meliai (shapeshifter)
  A merfolk (D:14)
  114 slime creatures
  16 trolls
  16 hornets
  5 polar bears
  Prince Ribbit (D:7)
  7 blink frogs
  A blink frog (shapeshifter) (Vaults:1)
  3 alligator zombies (Swamp:4)
  16 tyrant leeches
  A dream sheep (shapeshifter) (Abyss:2)
  70 saltlings (Desolation)
  12 bog bodies
  8 dream sheep
  7 hippogriffs
  5 raiju (Abyss:3)
  2 spectral swamp dragons (Swamp:4)
  2 shadows
  4 air elementals
  3 centaur simulacra
  2 vampires
  10 flying skulls (Gauntlet)
  7 wraiths
  2 ynoxinuls (Abyss:3)
  59 yaks
  13 water elementals
  5 wyverns
  5 basilisks
  4 fire elementals
  2 human simulacra
  4 neqoxecs
  Grum (D:8)
  8 golden eyes
  A chaos spawn (Abyss:2)
  13 vampire mosquitoes
  A yaktaur simulacrum (Vaults:1)
  Menkaure (D:6)
  5 insubstantial wisps (Swamp:4)
  28 swamp worms
  2 soldier ants (shapeshifter)
  10 wargs
  Edmund (D:4)
  61 nagas
  19 water moccasins
  A soldier ant (D:14)
  2 acid dragons
  A floating eye (Depths:2)
  A hell hound (Gauntlet)
  2 spatial vortices (Abyss:3)
  9 porcupines
  5 swamp drakes
  50 orc warriors
  4 ice beasts
  25 large abominations
  4 sky beasts
  A slave (D:9)
  4 swamp dragon zombies (Swamp:4)
  Purgy (Sewer)
  12 black bears
  18 starcursed masses
  An ettin simulacrum (Vaults:1)
  8 eyes of draining
  9 phantoms
  2 human zombies
  37 ogres
  3 boggarts (Vaults:2)
  An ogre (shapeshifter) (Vaults:5)
  10 wolves
  22 centaurs
  A swamp dragon skeleton (Abyss:3)
  10 crocodiles
  9 big kobolds
  4 gnoll sergeants (D:11)
  26 bullfrogs
  An earth elemental (Elf:2)
  A wyvern zombie (D:9)
  A water moccasin zombie (D:5)
  9 scorpions
  5 killer bees (D:10)
  3 wights (D:8)
  4 electric eels
  3 howler monkeys
  2 crimson imps
  5 small abominations
  A quasit (Abyss:2)
  2 draconian simulacra (IceCv)
  6 centaur skeletons
  4 centaur zombies
  7 hounds
  26 orc wizards
  A gnoll shaman (D:4)
  41 orc priests
  2 jellies
  Crazy Yiuf (D:2)
  4 bullfrog skeletons
  A bullfrog zombie (D:9)
  2 iron imps
  4 iguanas
  3 spectral swamp drakes (Swamp:4)
  8 worker ants
  A spriggan simulacrum (IceCv)
  2 troll simulacra (IceCv)
  2 hound skeletons
  Robin (D:4)
  12 gnolls
  A howler monkey skeleton (D:10)
  2 ogre simulacra (IceCv)
  13 adders
  A naga simulacrum (IceCv)
  A swamp drake zombie (Swamp:4)
  3 shadow imps
  A white imp (Abyss:3)
  3 ufetubi (Abyss:3)
  2 oozes
  2 adder zombies
  An adder skeleton (D:9)
  4 worms
  A dart slug (D:2)
  7 leopard geckos
  125 orcs
  2 ball pythons (Sewer)
  7 giant cockroaches
  17 goblins
  13 hobgoblins
  13 jackals
  17 kobolds
  6 quokkas
  7 bats
  15 frilled lizards
  2 jackal skeletons
  2 quokka zombies
  12 rats
  2 crawling corpses (Vaults:5)
  4 starspawn tentacles (Abyss:3)
2671 creatures vanquished.

Vanquished Creatures (collateral kills)
  A bone dragon (Abyss:2)
  A tentacled starspawn (Abyss:2)
  2 nagarajas (Snake:4)
  A deep elf sorcerer (Elf:3)
  An imperial myrmidon (Desolation)
  A deep elf elementalist (Elf:3)
  A deep elf demonologist (Elf:3)
  A rakshasa (Abyss:2)
  A ragged hierophant (Desolation)
  A hydra (Lair:5)
  A deep troll shaman (Depths:3)
  A dancing weapon (Elf:2)
  3 naga sharpshooters
  A death drake (shapeshifter) (D:8)
  An ironbrand convoker (Desolation)
  An orc knight (Bailey)
  4 ugly things (D:15)
  An oklob plant (Lair:5)
  2 salamanders (Snake:2)
  An elephant (Lair:2)
  A guardian serpent (Snake:4)
  3 naga magi (Snake:4)
  A black mamba (Snake:2)
  An efreet (Gauntlet)
  A hornet (D:9)
  2 trolls
  2 saltlings (Desolation)
  An air elemental (Elf:3)
  An ettin skeleton (Abyss:2)
  3 nagas (Snake:4)
  2 orc warriors (Bailey)
  A black bear (D:9)
  A bullfrog (D:9)
  An orc wizard (Orc:2)
  3 orc priests
  A worker ant (D:14)
  A shadow imp (D:9)
  An orc (Orc:2)
  A starspawn tentacle (Abyss:2)
55 creatures vanquished.

Vanquished Creatures (others)
  An ironheart preserver (Vaults:5)
  A naga sharpshooter (Snake:4)
  2 deep elf knights
  A deep elf mage (Elf:2)
  A wizard (D:15)
  A manticore (D:8)
  A troll (D:8)
  A tyrant leech (Swamp:2)
  A golden eye (Slime:2)
  2 nagas (Snake:4)
  2 insubstantial wisps (Swamp:4)
  2 slaves (D:9)
  A centaur (Depths:2)
  A jelly (D:9)
  A bullfrog zombie (D:8)
  A small abomination (Abyss:2)
  A centaur simulacrum (D:8)
  An ufetubus (Abyss:2)
  2 orcs
  2 briar patches (Swamp:4)
  3 fungi
  6 plants
  5 starspawn tentacles
  6 toadstools (Lair:1)
  2 withered plants (Gauntlet)
48 creatures vanquished.

Grand Total: 2774 creatures vanquished

Notes
Turn   | Place    | Note
-------+----------+-------------------------------------------
     0 | D:1      | Johnny the Troll Berserker began the quest for the Orb.
     0 | D:1      | Reached XP level 1. HP: 22/22 MP: 0/0
   232 | D:1      | Reached XP level 2. HP: 29/29 MP: 1/1
   375 | D:1      | Reached skill level 3 in Long Blades
   642 | D:2      | Reached XP level 3. HP: 36/36 MP: 2/2
   830 | D:2      | Reached XP level 4. HP: 45/45 MP: 3/3
   888 | D:2      | Reached ** piety under Trog
  1288 | D:2      | Found a runed translucent door.
  1289 | D:2      | Noticed Crazy Yiuf
  1296 | D:2      | Killed Crazy Yiuf
  1296 | D:2      | Reached skill level 4 in Long Blades
  1639 | D:3      | Reached XP level 5. HP: 53/53 MP: 4/4
  1795 | D:3      | Reached *** piety under Trog
  1804 | D:3      | Found a blossoming altar of Fedhas.
  1812 | D:3      | Found an ancient bone altar of Kikubaaqudgha.
  2000 | D:3      | Reached XP level 6. HP: 62/62 MP: 5/5
  2221 | D:4      | Found a radiant altar of Vehumet.
  2221 | D:4      | Noticed Edmund
  2248 | D:4      | Killed Edmund
  2248 | D:4      | Reached skill level 5 in Long Blades
  2366 | D:4      | Found an ornate altar of the Wu Jian Council.
  2480 | D:4      | Reached XP level 7. HP: 34/70 MP: 6/6
  2742 | D:4      | Found a glowing silver altar of Zin.
  2819 | D:4      | Noticed Robin
  2853 | D:4      | Reached **** piety under Trog
  2862 | D:4      | Killed Robin
  3076 | D:5      | Entered Level 5 of the Dungeon
  3080 | D:5      | Found a glowing drain.
  3089 | D:5      | Found a runed translucent door.
  3117 | D:5      | Reached skill level 6 in Long Blades
  3131 | Sewer    | Entered a sewer
  3231 | Sewer    | Noticed Purgy
  3243 | Sewer    | Killed Purgy
  3350 | D:5      | Noticed barb4r1an's ghost (novice OpTm)
  3741 | D:5      | Reached skill level 5 in Fighting
  3741 | D:5      | Reached XP level 8. HP: 42/80 MP: 7/7
  3939 | D:5      | Reached skill level 7 in Long Blades
  4193 | D:5      | Found a staircase to the Ecumenical Temple.
  4453 | D:6      | Reached ***** piety under Trog
  4717 | D:6      | Found a runed translucent door.
  4773 | D:6      | Noticed Menkaure
  4779 | D:6      | Killed Menkaure
  4779 | D:6      | Reached skill level 8 in Long Blades
  4812 | D:6      | Found an opulent altar of Gozag.
  4916 | D:6      | Noticed losten's ghost (novice DsBe)
  4928 | D:6      | Found a shimmering blue altar of Sif Muna.
  5029 | D:6      | Killed losten's ghost
  5029 | D:6      | Reached XP level 9. HP: 89/89 MP: 8/8
  5185 | D:7      | Reached skill level 9 in Long Blades
  5432 | D:7      | Noticed Harold
  5450 | D:7      | Killed Harold
  5534 | D:7      | Noticed Prince Ribbit
  5541 | D:7      | Killed Prince Ribbit
  5542 | D:7      | Reached skill level 10 in Long Blades
  6136 | D:7      | Reached XP level 10. HP: 99/102 MP: 9/9
  6591 | D:8      | Noticed a manticore
  6594 | D:8      | Found a transporter.
  6594 | D:8      | Noticed an obsidian statue
  6689 | D:8      | Noticed Gastronok
  6719 | D:8      | Killed Gastronok
  6719 | D:8      | Reached skill level 11 in Long Blades
  6845 | D:8      | Found a transporter.
  6846 | D:8      | Got an ancient rapier
  6847 | D:8      | Identified the +4 rapier of the Stork {flame, rC+ Str+7}
                  | (You found it on level 8 of the Dungeon)
  6859 | D:8      | Noticed Grum
  6870 | D:8      | Found Jenn's Weapon Boutique.
  6893 | D:8      | Killed Grum
  6898 | D:8      | Received a gift from Trog
  6934 | D:8      | Found an opulent altar of Gozag.
  6966 | D:8      | Noticed an anaconda
  6977 | D:8      | Noticed a wolf spider
  6977 | D:8      | an anaconda changed into a wolf spider
  7219 | D:8      | Noticed a swamp dragon
  7245 | D:8      | Noticed a two-headed ogre
  7245 | D:8      | a swamp dragon changed into a two-headed ogre
  7332 | D:8      | Noticed a death drake
  7332 | D:8      | a two-headed ogre changed into a death drake
  7412 | D:9      | Noticed Pikel
  7430 | D:9      | Killed Pikel
  7444 | D:9      | Noticed a death knight
  7471 | D:9      | Killed a death knight
  7471 | D:9      | Reached XP level 11. HP: 89/113 MP: 10/10
  7476 | D:9      | Paralysed by a hornet for 1 turns
  7547 | D:9      | Reached skill level 12 in Long Blades
  7561 | D:9      | HP: 4/113 [troll (3)]
  7561 | D:9      | HP: 1/113 [troll (3)]
  7967 | D:9      | Found a staircase to the Lair.
  8296 | Lair:1   | Entered Level 1 of the Lair of Beasts
  8420 | Lair:1   | Received a gift from Trog
  8504 | D:10     | Entered Level 10 of the Dungeon
  8591 | D:10     | Noticed a two-headed ogre
  8601 | D:10     | Killed a two-headed ogre
  8607 | D:10     | Received a gift from Trog
  8836 | D:10     | Found a flagged portal.
  8846 | Bailey   | Entered a bailey
  9130 | Bailey   | Noticed an orc knight
  9131 | Bailey   | Found the cursed +13 scythe of Curses {drain, *Curse}
  9137 | Bailey   | Killed an orc knight
  9140 | Bailey   | Reached skill level 13 in Long Blades
  9374 | D:11     | Noticed a cyan ugly thing
  9390 | D:11     | Found a gate leading to a gauntlet.
  9398 | Gauntlet | Entered a Gauntlet
  9398 | Gauntlet | Found a transporter.
  9406 | Gauntlet | Found a transporter.
  9408 | Gauntlet | Found a transporter.
  9415 | Gauntlet | Found a transporter.
  9430 | Gauntlet | Found a transporter.
  9435 | Gauntlet | Found a transporter.
  9444 | Gauntlet | Noticed a death yak
  9445 | Gauntlet | Noticed a death yak
  9447 | Gauntlet | Noticed a death yak
  9447 | Gauntlet | Noticed a death yak
  9447 | Gauntlet | Noticed a necromancer
  9448 | Gauntlet | Noticed a death yak
  9450 | Gauntlet | Found a transporter.
  9469 | Gauntlet | Found a transporter.
  9481 | Gauntlet | Found a transporter.
  9486 | Gauntlet | Noticed a glowing orange brain
  9486 | Gauntlet | a cyclops changed into a glowing orange brain
  9490 | Gauntlet | a glowing orange brain changed into an eye of devastation
  9493 | Gauntlet | Found a transporter.
  9496 | Gauntlet | Noticed a deep troll
  9496 | Gauntlet | an eye of devastation changed into a deep troll
  9501 | Gauntlet | Noticed a death yak
  9501 | Gauntlet | Noticed a death yak
  9501 | Gauntlet | Noticed a death yak
  9502 | Gauntlet | Noticed a death yak
  9502 | Gauntlet | Noticed a death yak
  9505 | Gauntlet | Found a transporter.
  9516 | Gauntlet | Noticed a reaper
  9517 | Gauntlet | Found a transporter.
  9534 | Gauntlet | Found a transporter.
  9552 | Gauntlet | Found a transporter.
  9554 | Gauntlet | Found a transporter.
  9581 | Gauntlet | Found a transporter.
  9659 | Gauntlet | Found a transporter.
  9679 | Gauntlet | Found a transporter.
  9689 | Gauntlet | Noticed a deep troll
  9689 | Gauntlet | a torpor snail changed into a deep troll
  9690 | Gauntlet | a deep troll changed into a merfolk
  9700 | Gauntlet | Noticed a glowing orange brain
  9700 | Gauntlet | an elephant changed into a glowing orange brain
  9705 | Gauntlet | a glowing orange brain changed into an eye of devastation
  9708 | Gauntlet | Noticed a shining eye
  9708 | Gauntlet | a cyclops changed into a shining eye
  9832 | Gauntlet | Noticed a harpy
  9832 | Gauntlet | a tarantella changed into a harpy
  9835 | Gauntlet | a harpy changed into a basilisk
  9837 | Gauntlet | Noticed a two-headed ogre
  9837 | Gauntlet | an eye of draining changed into a two-headed ogre
  9840 | Gauntlet | a two-headed ogre changed into a moth of wrath
  9905 | Gauntlet | Reached XP level 12. HP: 62/126 MP: 11/11
  9980 | Gauntlet | Reached skill level 10 in Fighting
  9985 | Gauntlet | HP: 5/126 [efreet/fireball (15)]
 10022 | Gauntlet | Got a scorched ruby amulet
 10029 | Gauntlet | Identified the amulet of Cevoczeg {Reflect rElec rC+ Str-2
                  | Int+3 SH+3} (You found it in a Gauntlet)
 10087 | Gauntlet | Noticed a minotaur
 10100 | Gauntlet | Killed a minotaur
 10105 | Gauntlet | Identified Sif Muna's Almanac of Enchantment and Snow
 10573 | D:11     | Found a staircase to the Orcish Mines.
 10600 | D:11     | Reached skill level 1 in Armour
 10616 | D:11     | Reached skill level 14 in Long Blades
 10919 | Orc:1    | Entered Level 1 of the Orcish Mines
 10979 | Orc:1    | Found Apash's Book Boutique.
 11030 | Orc:1    | Received a gift from Trog
 11342 | Orc:2    | Entered Level 2 of the Orcish Mines
 11344 | Orc:2    | Noticed an orc high priest
 11377 | Orc:2    | Gained mutation: You are occasionally teleported next to
                  | monsters. [a neqoxec]
 11383 | Orc:2    | Killed an orc high priest
 11420 | Orc:2    | Noticed an orc high priest
 11442 | Orc:2    | Killed an orc high priest
 11533 | Orc:2    | Noticed an orc high priest
 11533 | Orc:2    | Noticed an orc high priest
 11556 | Orc:2    | Killed an orc high priest
 11788 | Orc:2    | Noticed an orc high priest
 11807 | Orc:2    | Killed an orc high priest
 11814 | Orc:2    | Killed an orc high priest
 11877 | Orc:2    | Found Figa's Distillery.
 11877 | Orc:2    | Found Ranixell's Gadget Shop.
 11958 | Orc:2    | Found a roughly hewn altar of Beogh.
 11999 | Orc:2    | Noticed an orc high priest
 12001 | Orc:2    | Noticed an orc high priest
 12009 | Orc:2    | Killed an orc high priest
 12009 | Orc:2    | Reached skill level 5 in Armour
 12009 | Orc:2    | Reached XP level 13. HP: 136/136 MP: 12/12
 12030 | Orc:2    | Received a gift from Trog
 12044 | Orc:2    | Found Sempuneo's Distillery.
 12044 | Orc:2    | Found Ozxih's Distillery.
 12224 | Orc:2    | Found a staircase to the Elven Halls.
 12465 | Orc:2    | Bought 2 potions of heal wounds for 150 gold pieces
 12465 | Orc:2    | Bought 2 potions of flight for 90 gold pieces
 12496 | Orc:2    | Bought a potion of lignification for 36 gold pieces
 12496 | Orc:2    | Bought a potion of brilliance for 48 gold pieces
 12496 | Orc:2    | Bought a potion of heal wounds for 60 gold pieces
 12496 | Orc:2    | Bought a potion of might for 48 gold pieces
 12496 | Orc:2    | Bought a potion of mutation for 96 gold pieces
 12496 | Orc:2    | Bought a potion of magic for 96 gold pieces
 12505 | Orc:2    | Bought a potion of curing for 51 gold pieces
 12505 | Orc:2    | Bought a potion of agility for 68 gold pieces
 12505 | Orc:2    | Bought a potion of ambrosia for 136 gold pieces
 12505 | Orc:2    | Bought a potion of invisibility for 136 gold pieces
 12505 | Orc:2    | Bought 2 potions of flight for 102 gold pieces
 12505 | Orc:2    | Bought a potion of mutation for 136 gold pieces
 12898 | D:8      | Got a heavily runed brass ring
 12900 | D:8      | Got a dazzling short sword
 12909 | D:8      | Identified the +8 short sword of Winter {flame, rF+} (You
                  | found it on level 8 of the Dungeon)
 12929 | D:8      | Identified the ring "Isued" {rF+ MR+ Int+4 Stlth+} (You
                  | found it on level 8 of the Dungeon)
 13257 | D:12     | Found a radiant altar of Vehumet.
 13542 | D:13     | Noticed Josephine
 13548 | D:13     | Reached skill level 15 in Long Blades
 13555 | D:13     | Killed Josephine
 14255 | D:13     | Found a gate to the Vaults.
 14463 | D:14     | Found the +3 sling "Punk" {acid, rCorr}
 14860 | D:14     | Reached XP level 14. HP: 101/148 MP: 13/13
 15493 | D:15     | Entered Level 15 of the Dungeon
 15826 | D:15     | Reached skill level 16 in Long Blades
 16231 | D:15     | Found a staircase to the Depths.
 16231 | D:15     | Noticed an entropy weaver
 16231 | D:15     | a merfolk changed into an entropy weaver
 16246 | D:15     | Killed an entropy weaver
 16359 | D:15     | Received a gift from Trog
 16375 | D:15     | Reached skill level 10 in Armour
 16540 | D:15     | Found a bloodstained altar of Trog.
 17320 | Lair:1   | Noticed Joseph
 17327 | Lair:1   | Killed Joseph
 17545 | Lair:1   | Found a runed translucent door.
 18065 | Lair:1   | Got a slimy amethyst amulet
 18068 | Lair:1   | Identified the amulet "Nosed" {rF++ Regen+ Str+3 Int-2}
                  | (You found it on level 1 of the Lair of Beasts)
 18269 | Lair:2   | Found a frozen archway.
 18281 | IceCv    | Entered an ice cave
 18406 | IceCv    | Reached XP level 15. HP: 137/158 MP: 14/14
 18707 | IceCv    | Got a shimmering dagger
 18984 | Lair:2   | Identified the +5 dagger of Johnny's Misery {freeze, Int+3}
                  | (You found it in an ice cave)
 19315 | Lair:2   | Received a gift from Trog
 19427 | Lair:2   | Noticed Weugil's ghost (journeyman HaBe)
 19456 | Lair:2   | Found a transporter.
 19459 | Lair:2   | Found a transporter.
 19678 | Lair:2   | Killed Weugil's ghost
 19679 | Lair:2   | Reached skill level 17 in Long Blades
 19914 | Lair:3   | You fall into a shaft and drop 3 floors!
 19914 | Lair:6   | Entered Level 6 of the Lair of Beasts
 20257 | Lair:6   | Noticed Rupert
 20268 | Lair:6   | Killed Rupert
 21357 | Lair:5   | Reached XP level 16. HP: 170/170 MP: 15/15
 21494 | Lair:5   | Found a staircase to the Slime Pits.
 22278 | Lair:4   | Found a dark tunnel.
 22283 | Volcano  | Entered a volcano
 22329 | Volcano  | Reached skill level 18 in Long Blades
 22736 | Lair:4   | Found a staircase to the Swamp.
 22821 | Lair:4   | Noticed Sonja
 22823 | Lair:4   | Killed Sonja
 23275 | Lair:3   | Found a staircase to the Snake Pit.
 23279 | Lair:3   | Received a gift from Trog
 23776 | Snake:1  | Entered Level 1 of the Snake Pit
 23804 | Snake:1  | Noticed Louise
 23804 | Snake:1  | Noticed Donald
 23813 | Snake:1  | Cast into level 2 of the Abyss (Donald)
 24004 | Abyss:2  | Paralysed by accursed screaming for 1 turns
 24077 | Abyss:2  | Noticed a bone dragon
 24098 | Abyss:2  | Killed a bone dragon
 24099 | Abyss:2  | Noticed a tentacled starspawn
 24105 | Abyss:2  | Killed a tentacled starspawn
 24109 | Snake:1  | Escaped the Abyss
 24119 | Snake:1  | Found Zosmets's Magic Scroll Shop.
 24236 | Snake:1  | Noticed Aizul
 24251 | Snake:1  | Killed Aizul
 24404 | Snake:1  | Killed Louise
 24521 | Snake:1  | Bought a scroll of magic mapping for 45 gold pieces
 24521 | Snake:1  | Bought a scroll of identify for 26 gold pieces
 24521 | Snake:1  | Bought a scroll of identify for 26 gold pieces
 24521 | Snake:1  | Bought a scroll of fog for 26 gold pieces
 24521 | Snake:1  | Bought a scroll of teleportation for 39 gold pieces
 24521 | Snake:1  | Bought a scroll of identify for 26 gold pieces
 24545 | Snake:1  | Killed Donald
 24678 | Snake:2  | Received a gift from Trog
 24907 | Snake:2  | Reached skill level 19 in Long Blades
 25162 | Snake:1  | Reached XP level 17. HP: 39/180 MP: 16/16
 25427 | Snake:1  | Gained mutation: You are partially covered in molten
                  | scales. (AC +2) [potion of mutation]
 25427 | Snake:1  | Gained mutation: You are resistant to hostile enchantments.
                  | (MR+) [potion of mutation]
 25427 | Snake:1  | Gained mutation: You are highly resistant to hostile
                  | enchantments. (MR++) [potion of mutation]
 25428 | Snake:1  | Lost mutation: You are occasionally teleported next to
                  | monsters. [potion of mutation]
 25428 | Snake:1  | Lost mutation: You are highly resistant to hostile
                  | enchantments. (MR++) [potion of mutation]
 25428 | Snake:1  | Gained mutation: Your mind is acute. (Int +2) [potion of
                  | mutation]
 25428 | Snake:1  | Gained mutation: Your system is resistant to poisons.
                  | (rPois) [potion of mutation]
 25428 | Snake:1  | Gained mutation: You have a somewhat thin skeletal
                  | structure. (Dex +2, Stealth) [potion of mutation]
 25648 | Snake:1  | Found a bloodstained altar of Trog.
 25669 | Snake:1  | Found a runed translucent gate.
 25669 | Snake:1  | Found a runed translucent gate.
 25669 | Snake:1  | Found a runed translucent gate.
 25670 | Snake:1  | Noticed coldbreeze's ghost (journeyman DrGl)
 25889 | Snake:1  | Killed coldbreeze's ghost
 26127 | Elf:1    | Entered Level 1 of the Elven Halls
 26298 | Elf:1    | Found a ruined gateway.
 26331 | Desolati | Entered the Desolation of Salt
 26357 | Desolati | Received a gift from Trog
 26796 | Desolati | Got a slimy hat
 26808 | Desolati | Got a glittering copper amulet
 26809 | Desolati | Identified the +2 hat of Ryceupreu {Str+4 Dex+2} (You found
                  | it in the Desolation of Salt)
 26810 | Desolati | Identified the amulet of Midwinter {RegenMP +Fly rF+} (You
                  | found it in the Desolation of Salt)
 26971 | Desolati | Got a flickering copper ring
 26975 | Desolati | Identified the ring "Rowkeat" {rElec rPois rF+} (You found
                  | it in the Desolation of Salt)
 27037 | Desolati | Found the +27 Lear's hauberk
 27046 | Desolati | Identified Vunauc's Papyrus of the Flamy Oath
 27080 | Desolati | Reached skill level 20 in Long Blades
 27083 | Desolati | Reached skill level 15 in Fighting
 27128 | Desolati | Received a gift from Trog
 27258 | Desolati | Identified the ring "Mazyth" {rN+ Str-5 Int+6}
 27283 | Desolati | Reached XP level 18. HP: 160/193 MP: 17/17
 27392 | Desolati | Got an ichor-stained great sword {god gift}
 27394 | Desolati | Identified the +9 great sword of Descent {holy, rPois MR-
                  | Str+4 Int+2} (Trog gifted it to you in the Desolation of
                  | Salt)
 27449 | Desolati | Got a crude rapier
 27494 | Desolati | Found the +0 sword of Power
 27911 | Elf:1    | Identified the +3 rapier "Hoheraon" {freeze, Int+7} (You
                  | found it in the Desolation of Salt)
 27934 | Elf:1    | Found Atakkem's Jewellery Shoppe.
 27934 | Elf:1    | Found Xol Xiga's Gadget Boutique.
 27935 | Elf:1    | Found Sosmaotuba's Jewellery Shoppe.
 28281 | Elf:1    | Identified the Grimoire of Cold
 28750 | Elf:2    | Received a gift from Trog
 28810 | Elf:2    | Noticed Agnes
 28815 | Elf:2    | Killed Agnes
 28866 | Elf:2    | Reached ****** piety under Trog
 29223 | Elf:2    | Found Jiryh's Food Shoppe.
 29223 | Elf:2    | Found a runed translucent door.
 29233 | Elf:2    | Bought a ration for 60 gold pieces
 29233 | Elf:2    | Bought a ration for 60 gold pieces
 29291 | Elf:2    | Reached skill level 21 in Long Blades
 29306 | Elf:2    | Found a runed translucent gate.
 29306 | Elf:2    | Found a runed translucent gate.
 29307 | Elf:2    | Found a runed translucent gate.
 29360 | Elf:2    | Noticed kmx's ghost (adept GnWz)
 29376 | Elf:2    | Killed kmx's ghost
 29560 | Elf:2    | Received a gift from Trog
 30163 | Elf:3    | Entered Level 3 of the Elven Halls
 30465 | Elf:3    | Reached XP level 19. HP: 175/204 MP: 18/18
 30619 | Elf:3    | Received a gift from Trog
 30879 | Elf:3    | Cast into level 3 of the Abyss (a deep elf sorcerer)
 31060 | Elf:3    | Escaped the Abyss
 31091 | Elf:3    | HP: 4/206 [acid (10)]
 31286 | Elf:3    | Received a gift from Trog
 31528 | Elf:3    | Reached skill level 22 in Long Blades
 31759 | Elf:3    | Noticed a Brimstone Fiend
 32049 | Elf:3    | Identified the ring of the Death Scarab {rN+ Str-3 Int+4
                  | SInv}
 32063 | Elf:3    | Identified the ring of Zuarug {rElec MR+ Dex+4}
 32177 | Elf:3    | Identified the +9 dagger "Bilekon" {venom, rPois}
 32193 | Elf:3    | Identified Vehumet's Volume of Conjuration
 32209 | Elf:3    | Found the +7 pair of quick blades "Gyre" and "Gimble"
                  | {protect}
 32238 | Elf:3    | Got a steaming great sword
 32271 | Elf:3    | Identified the +0 great sword "Goerath" {freeze, rC+ Str+5}
                  | (You found it on level 3 of the Elven Halls)
 32337 | Elf:3    | Got a translucent hand axe
 32356 | Elf:3    | Got a tattered robe
 32364 | Elf:3    | Identified the cursed +0 hand axe of Rauddiyn {venom,
                  | Dex+4} (You found it on level 3 of the Elven Halls)
 32422 | Elf:3    | Got an iridescent giant spiked club {god gift}
 32424 | Elf:3    | Identified the +2 giant spiked club of Departure {freeze,
                  | +Inv +Fly rPois} (Trog gifted it to you on level 3 of the
                  | Elven Halls)
 32448 | Elf:2    | Got a translucent giant club {god gift}
 32450 | Elf:2    | Identified the +7 giant club "Caesumev" {vamp, *Drain Str+5
                  | Int+2} (Trog gifted it to you on level 2 of the Elven
                  | Halls)
 33002 | Snake:2  | Received a gift from Trog
 33180 | Snake:2  | Noticed Vashnia
 33218 | Snake:2  | Killed Vashnia
 33218 | Snake:2  | Reached XP level 20. HP: 217/217 MP: 6/19
 34661 | Snake:4  | Entered Level 4 of the Snake Pit
 34774 | Snake:4  | Received a gift from Trog
 34797 | Snake:4  | Found a flickering gateway to a bazaar.
 34802 | Bazaar   | Entered a bazaar
 34802 | Bazaar   | Found Puwa's Magic Scroll Shoppe.
 34802 | Bazaar   | Found Kestre Efys's Food Shoppe.
 34833 | Bazaar   | Found Veamegh's Food Shop.
 34849 | Bazaar   | Found Aheif Wouni's Book Emporium.
 34854 | Bazaar   | Found Cuidgh's Weapon Shop.
 34867 | Bazaar   | Bought a book of Minor Magic for 140 gold pieces
 34899 | Bazaar   | Bought a scroll of teleportation for 27 gold pieces
 34899 | Bazaar   | Bought a scroll of identify for 18 gold pieces
 34899 | Bazaar   | Bought a scroll of identify for 18 gold pieces
 34899 | Bazaar   | Bought a scroll of fog for 18 gold pieces
 34899 | Bazaar   | Bought a scroll of magic mapping for 31 gold pieces
 34911 | Bazaar   | Bought a ration for 40 gold pieces
 34911 | Bazaar   | Bought a ration for 40 gold pieces
 34911 | Bazaar   | Bought a ration for 40 gold pieces
 34911 | Bazaar   | Bought a ration for 40 gold pieces
 34911 | Bazaar   | Bought a ration for 40 gold pieces
 34911 | Bazaar   | Bought a ration for 40 gold pieces
 34911 | Bazaar   | Bought a ration for 40 gold pieces
 34911 | Bazaar   | Bought a ration for 40 gold pieces
 34911 | Bazaar   | Bought a ration for 40 gold pieces
 34911 | Bazaar   | Bought a ration for 40 gold pieces
 34911 | Bazaar   | Bought a ration for 40 gold pieces
 34911 | Bazaar   | Bought a ration for 40 gold pieces
 34911 | Bazaar   | Bought a ration for 40 gold pieces
 34911 | Bazaar   | Bought a ration for 40 gold pieces
 34911 | Bazaar   | Bought a ration for 40 gold pieces
 34917 | Bazaar   | Bought a ration for 50 gold pieces
 34917 | Bazaar   | Bought a ration for 50 gold pieces
 34917 | Bazaar   | Bought a ration for 50 gold pieces
 34917 | Bazaar   | Bought a ration for 50 gold pieces
 34917 | Bazaar   | Bought a ration for 50 gold pieces
 34917 | Bazaar   | Bought a ration for 50 gold pieces
 34917 | Bazaar   | Bought a ration for 50 gold pieces
 34917 | Bazaar   | Bought a ration for 50 gold pieces
 34953 | Snake:4  | Identified the cursed +1 robe of Mumblety Peg {Str+6 Int+4
                  | Dex+3 Stlth-} (You found it on level 3 of the Elven Halls)
 35164 | Snake:4  | Reached skill level 23 in Long Blades
 35745 | Snake:4  | Identified a scroll of acquirement
 35858 | Snake:4  | Got a serpentine rune of Zot
 36086 | Swamp:1  | Entered Level 1 of the Swamp
 36114 | Swamp:1  | Noticed Frances
 36124 | Swamp:1  | Killed Frances
 36215 | Swamp:1  | Received a gift from Trog
 36449 | Swamp:1  | Noticed Jorgrun
 36473 | Swamp:1  | Killed Jorgrun
 37179 | Swamp:2  | Was placed under penance by Trog
 37182 | Swamp:2  | Learned a level 2 spell: Blink
 37368 | Swamp:2  | Paralysed by Trog for 3 turns
 37389 | Swamp:2  | Reached skill level 1 in Translocations
 37395 | Swamp:2  | Reached XP level 21. HP: 71/228 MP: 20/20
 37656 | Swamp:2  | Was forgiven by Trog
 38776 | Swamp:4  | Entered Level 4 of the Swamp
 39120 | Swamp:4  | Identified the Disquisition on Icy Changing
 39591 | Swamp:4  | Noticed Mara
 39596 | Swamp:4  | Noticed Johnny's illusion
 39617 | Swamp:4  | Killed Mara
 39870 | Swamp:4  | Got a decaying rune of Zot
 40377 | Vaults:1 | Entered Level 1 of the Vaults
 40599 | Vaults:1 | Reached skill level 24 in Long Blades
 40630 | Vaults:1 | You fall into a shaft and drop 1 floor!
 40784 | Vaults:2 | Found Duanax's Armour Shoppe.
 41006 | Vaults:2 | Found a snail-covered altar of Cheibriados.
 41021 | Vaults:2 | Found a runed translucent gate.
 41021 | Vaults:2 | Found a runed translucent gate.
 41021 | Vaults:2 | Found a runed translucent gate.
 41021 | Vaults:2 | Noticed Adoajy's ghost (adept DsWr)
 41023 | Vaults:2 | Identified the cursed +0 great sword of Satyriasis {vamp,
                  | Int+4}
 41023 | Vaults:2 | Identified the +6 chain mail of the Bells {rPois}
 41639 | Vaults:2 | Reached skill level 5 in Translocations
 41821 | Vaults:2 | Got a brightly glowing long sword
 41860 | Vaults:2 | Reached XP level 22. HP: 166/232 MP: 21/21
 41892 | Vaults:2 | Identified the +3 long sword "Inkas Lija" {flame, +Inv
                  | rElec rN+ Int+2} (You found it on level 2 of the Vaults)
 42208 | Vaults:2 | Identified the +12 hunting sling of the Ninety-Nine Queens
                  | {velocity, +Blink rC+ Str+6 Int-2}
 42210 | Vaults:2 | Found a roughly hewn altar of Beogh.
 42443 | Vaults:2 | Killed Adoajy's ghost
 42876 | Vaults:1 | Identified the +8 long sword of Royalism {elec, Str+4
                  | Stlth+}
 43841 | Depths:1 | Entered Level 1 of the Depths
 43931 | Depths:1 | Noticed Nikola
 43939 | Depths:1 | Killed Nikola
 44019 | Depths:1 | Found a gateway to Hell.
 44134 | Depths:1 | Found a gateway to a ziggurat.
 44354 | Depths:1 | Noticed Miutz's ghost (master GrEE)
 44355 | Depths:1 | Found a runed translucent gate.
 44356 | Depths:1 | Found a runed translucent gate.
 44356 | Depths:1 | Found a runed translucent gate.
 44795 | Depths:1 | Killed Miutz's ghost
 45136 | Depths:2 | Reached skill level 25 in Long Blades
 45136 | Depths:2 | Reached XP level 23. HP: 252/252 MP: 22/22
 45386 | Depths:2 | Paralysed by a floating eye for 4 turns
 45448 | Depths:3 | Reached XP level 24. HP: 47/261 MP: 22/22
 45934 | Depths:2 | Found a shimmering blue altar of Sif Muna.
 46798 | Depths:3 | Found a one-way gate leading to the halls of Pandemonium.
 46798 | Depths:3 | Lost mutation: Your mind is acute. (Int +2) [a neqoxec]
 47340 | Depths:4 | Cast into level 3 of the Abyss (spriggan defender)
 47804 | Depths:4 | Escaped the Abyss
 48594 | Depths:4 | Found a one-way gate to the infinite horrors of the Abyss.
 48933 | Depths:4 | Reached XP level 25. HP: 273/273 MP: 22/22
 49074 | Depths:4 | Noticed a juggernaut
 49079 | Depths:4 | Reached skill level 26 in Long Blades
 49097 | Depths:4 | Killed a juggernaut
 50131 | Orc:1    | Bought a manual of Evocations for 1766 gold pieces
 50270 | Elf:2    | Bought a ration for 60 gold pieces
 50270 | Elf:2    | Bought a ration for 60 gold pieces
 50270 | Elf:2    | Bought a ration for 60 gold pieces
 50270 | Elf:2    | Bought a ration for 60 gold pieces
 50270 | Elf:2    | Bought a ration for 60 gold pieces
 50270 | Elf:2    | Bought a ration for 60 gold pieces
 50270 | Elf:2    | Bought a ration for 60 gold pieces
 50270 | Elf:2    | Bought a ration for 60 gold pieces
 50270 | Elf:2    | Bought a ration for 60 gold pieces
 50393 | Orc:2    | Bought a potion of resistance for 150 gold pieces
 50393 | Orc:2    | Bought a potion of flight for 45 gold pieces
 50393 | Orc:2    | Bought a potion of invisibility for 120 gold pieces
 50393 | Orc:2    | Bought a potion of invisibility for 120 gold pieces
 50433 | Orc:2    | Bought a potion of might for 68 gold pieces
 50433 | Orc:2    | Bought a potion of curing for 51 gold pieces
 50442 | Orc:2    | Bought a potion of resistance for 120 gold pieces
 50442 | Orc:2    | Bought 2 potions of curing for 72 gold pieces
 50620 | Vaults:2 | Fell from the grace of Trog
 50620 | Vaults:2 | Became a worshipper of Cheibriados the Contemplative
 50756 | Vaults:3 | Found a staircase to the Crypt.
 50756 | Vaults:3 | Found a basalt altar of Yredelemnul.
 50757 | Vaults:3 | Found an ancient bone altar of Kikubaaqudgha.
 50915 | Vaults:3 | Reached skill level 10 in Translocations
 50972 | Vaults:3 | Found a radiant altar of Vehumet.
 50990 | Vaults:3 | Reached * piety under Cheibriados
 51001 | Vaults:3 | Reached skill level 1 in Invocations
 51209 | Vaults:3 | Reached ** piety under Cheibriados
 51923 | Vaults:4 | Reached *** piety under Cheibriados
 52406 | Vaults:4 | Reached **** piety under Cheibriados
 52453 | Vaults:4 | Reached skill level 5 in Invocations
 52623 | Vaults:4 | Found Fuehyarch's Weapon Emporium.
 52706 | Vaults:4 | Found a roughly hewn altar of Beogh.
 53186 | Vaults:4 | Reached ***** piety under Cheibriados
 53635 | Vaults:5 | Entered Level 5 of the Vaults
 53732 | Vaults:5 | Found Roecvui Saub's Book Shoppe.
 53735 | Vaults:5 | Reached XP level 26. HP: 208/279 MP: 24/27
 53747 | Vaults:5 | Reached ****** piety under Cheibriados
 53938 | Vaults:5 | Noticed an ancient lich
 53947 | Vaults:5 | Killed an ancient lich
 54004 | Vaults:5 | Identified the cursed +3 flail of Ancient Evil {flame,
                  | rPois rC- Dex+3 SInv}
 54585 | Vaults:5 | Reached skill level 27 in Long Blades
 54721 | Vaults:5 | Reached skill level 10 in Invocations
 54753 | Vaults:5 | Identified the +11 mace of Majom {elec, Str+7}
 55074 | Vaults:5 | Got a silver rune of Zot
 55232 | Vaults:5 | Paralysed by Trog for 3 turns
 55572 | Depths:5 | Entered Level 5 of the Depths
 55615 | Depths:5 | Noticed Sojobo
 55643 | Depths:5 | Killed Sojobo
 55913 | Depths:5 | Reached XP level 27. HP: 289/289 MP: 30/30
 55991 | Depths:5 | Found a gate to the Realm of Zot.
 57278 | Slime:1  | Entered Level 1 of the Pits of Slime
 57306 | Slime:1  | Gained mutation: You are weak. (Str -2) [a shining eye]
 57816 | Slime:1  | Learned a level 1 spell: Summon Butterflies
 58171 | Slime:4  | Reached skill level 1 in Spellcasting
 58194 | Slime:4  | Gained mutation: Your spells are a little easier to cast,
                  | but a little less powerful. [a shining eye]
 58355 | Slime:3  | You fall into a shaft and drop 1 floor!
 58947 | Slime:2  | Gained mutation: You tend to lose your temper in combat. [a
                  | shining eye]
 58949 | Slime:2  | Gained mutation: You are occasionally teleported next to
                  | monsters. [a shining eye]
 59135 | Slime:2  | Gained mutation: Potions are less effective at restoring
                  | your health. [a shining eye]
 59136 | Slime:2  | Gained mutation: You often lose your temper in combat. [a
                  | shining eye]
 59331 | Slime:5  | Entered Level 5 of the Pits of Slime
 59566 | Slime:5  | Noticed the Royal Jelly
 59588 | Slime:5  | HP: 2/444 [azure jelly[the Royal Jelly] (29)]
 59588 | Slime:5  | Slain by an azure jelly

Levels and vault maps discovered:
D:1:      ncdulo_lavacross, layout_loops_ring
D:2:      layout_loops_corners, first_ration, uniq_crazy_yiuf_cottage
D:3:      layout_rooms, grunt_temple_overflow_growth_and_decay
D:4:      layout_basic, overflow_temple_1_default, kennysheep_little_box,
          nicolae_overflow_crystal_walls, uniq_robin, uniq_edmund
D:5:      layout_cave_pods, minmay_temple_entry_nine_rooms,
          gup_sewer_entry_glass, ebering_ghost_inner_flame
D:6:      layout_rooms, kennysheep_mini, grunt_gozag_statues,
          ebering_ghost_reflecting_pool, uniq_menkaure
D:7:      layout_loops_corners, uniq_prince_ribbit1, uniq_harold
D:8:      gammafunk_sealed_arena, layout_cave_pools, basic_altar, serial_shops,
          shop_coins, uniq_grum, uniq_gastronok
D:9:      minmay_curly_fans, layout_irregular_city,
          grunt_lair_entry_orc_guard_hut, chequers_decorated_corner, uniq_pikel
D:10:     layout_cave_pools, enter_bailey_2
D:11:     layout_irregular_city, kennysheep_orc_monster_closet_entryway,
          gauntlet_entry_generic
D:12:     layout_rooms, basic_altar
D:13:     layout_basic, david_vaults_5, uniq_josephine
D:14:     layout_basic, serial_bayou_pond_d, hangedman_fish_farm,
          hangedman_abyss_or_decor_stabs, grunt_decor_arrowhead
D:15:     hangedman_depths_entry_try_elsewhere_first, layout_basic,
          chequers_serial_rivers_marsh, minivault_16, trog_wizard
Lair:1:   gammafunk_lair_enchanted_lake, layout_layer_cave,
          columned_hall_lemuel, uniq_joseph
Lair:2:   layout_hall_layers, portal_ice_cave_demonic_guard,
          gammafunk_ghost_arena, st_stairs_10, cheibrodos_lair_caveside_slide,
          infiniplex_staircase_pool_2
Lair:3:   layout_roguey, minmay_snake_entry_spellcaster
Lair:4:   layout_roguey, palyth_hydra_swamp_entry, enter_volcano_1, uniq_sonja
Lair:5:   layout_regular_city, minmay_slime_entry_oklob_open, st_stairs_13,
          chequers_serial_rivers_marsh
Lair:6:   evilmike_catoblepas_cave, layout_regular_city, minivault_11,
          serial_bayou_ford_a, lemuel_fruit_tree, uniq_rupert
Swamp:1:  layout_basic_swamp, nicolae_swamp_fairy_circle, swamp_pool3,
          uniq_frances, uniq_jorgrun
Swamp:2:  layout_basic_swamp, hangedman_swamp_diagram, swamp_pool4,
          nicolae_swamp_feature_on_the_river_bank
Swamp:3:  layout_basic_swamp, evilmike_swamp_ruin_rubble_2, swamp_pool1
Swamp:4:  swamp_pestilence, layout_basic_swamp, worms_lemuel,
          infiniplex_staircase_pool, uniq_mara
Snake:1:  layout_rooms, ebering_ghost_rock_garden, serial_shops, shop,
          basic_altar, uniq_louise, uniq_donald, uniq_aizul
Snake:2:  layout_basic, st_stairs_11, serial_bayou_shore_b, uniq_vashnia
Snake:3:  layout_grid_maze, grunt_megastairs_3
Snake:4:  minmay_snake_end_coiled, layout_rooms, serial_shops, bzr_entry_road
Slime:1:  layout_caves
Slime:2:  layout_caves
Slime:3:  layout_caves
Slime:4:  layout_caves
Slime:5
Orc:1:    nicolae_orc_accident_3, layout_caves, serial_shops, shop
Orc:2:    st_orc_town, layout_caves, nicolae_orc_crystal_geode
Elf:1:    eino_elf_arrival_sip, layout_geoelf_octagon,
          portal_desolation_entry_ruin, kennysheep_underground_church,
          minmay_shop_grove
Elf:2:    layout_gridlike, ebering_ghost_reflecting_pool, serial_shops,
          shop_statue, uniq_agnes
Elf:3:    minmay_elf_hall_hex, layout_geoelf_grid
Vaults:1: v_rooms_3, hangedman_vaults_restitches, grunt_vaults_hallway_long,
          grunt_vaults_focal, nicolae_vaults_sealed_display,
          hangedman_vaults_impose, st_squares, v_misc_28, nicolae_vaults_theta,
          vaults_room_grid, vaults_room_fancy_cross, v_misc_2,
          layout_vaults_maze_bifur
Vaults:2: biasface_vaults_ghost_orc_armoury, v_misc_3,
          hangedman_vaults_corner_blocks, ontoclasm_vaults_tryst,
          nicolae_vaults_circle_grid_a, v_misc_14, v_misc_27, v_misc_15,
          nicolae_vaults_network_star, v_pattern_5,
          nicolae_vaults_specimen_jars, nicolae_vaults_little_ls,
          hangedman_vaults_capsules, nicolae_vaults_border_crossing,
          vaults_room_semicircle, layout_vaults_ring, basic_altar, serial_shops,
          nicolae_shop_stone
Vaults:3: nicolae_vaults_shelves_hall, minmay_crypt_entry_necro_gods, v_misc_24,
          nicolae_vaults_angled_halls, nicolae_vaults_network_s,
          ontoclasm_vaults_ring_square, vaults_room_fours, vaults_room_hallway,
          hangedman_vaults_locks, nicolae_vaults_diagonal_hallway_8,
          grunt_vaults_hallway_long, nicolae_vaults_little_squares_1,
          vaults_room_pool, layout_vaults_omnicross, basic_altar
Vaults:4: v_misc_11, vaults_mumra_minichess_inversion,
          ontoclasm_vaults_ring_square, ontoclasm_vaults_decontamination,
          v_misc_22, vaults_standard_mumra_x, special_room_vaults
          [special_room_orc], layout_vaults_omnigrid, serial_shops,
          nicolae_shop_behind_doors
Vaults:5
Depths:1: layout_cave_shapes, enter_ziggurat_f, minmay_misc_feat_enclosed,
          hell_entry, gammafunk_ghost_split, kennysheep_generic_room_14,
          uniq_nikola
Depths:2: minmay_textured_paths, layout_cave_pools, grunt_hell_entry_dis_grunt,
          lemuel_crystal_altar, infiniplex_staircase_zigzag_3
Depths:3: lemuel_flame_loot_2, layout_cave_pools, rand_demon_pan_entry_5,
          hell_entry, infiniplex_staircase_squiggle
Depths:4: kennysheep_water_balloons, layout_cave_pools,
          infiniplex_enter_wizlab_glasses, hell_entry, roderic_serpentine_path,
          nicolae_abyss_entry_one_way_or_another, minmay_metal_thing,
          infiniplex_staircase_pillars_3b
Depths:5: grunt_zot_entry_tricorne, layout_long_grid, pf_hell_entry_tar_spiral,
          roderic_lattice_a, uniq_sojobo

Skill      XL: |  1  2  3  4  5  6  7  8  9 10 11 12 13 14 15 16 17 18 19 20 21 22 23 24 25 26 27 |
---------------+----------------------------------------------------------------------------------+-----
Long Blades    | 3 4 5 6 8 10 11 13 14 15 16 17 19 20 21 22 23 24 25 26 27 | 27.0
Fighting       | 3 4 5 6 7 8 9 10 11 12 13 14 15 16 17 18 19 20 21 | 21.1
Armour         | 5 8 10 12 | 12.1
Translocations | 1 5 7 9 10 11 12 | 12.6
Invocations    | 6 11 12 | 12.0
Spellcasting   | 3 |  3.1
Dodging        | |  2.4

Action                   |  1- 3 |  4- 6 |  7- 9 | 10-12 | 13-15 | 16-18 | 19-21 | 22-24 | 25-27 || total
-------------------------+-------+-------+-------+-------+-------+-------+-------+-------+-------++-------
Melee: Falchion          |    72 |   262 |   518 |    90 |       |       |       |       |       ||   942
       Rapier            |       |       |       |   783 |   100 |       |       |       |       ||   883
       Great sword       |       |       |       |       |   799 |  1136 |  1744 |  1185 |  1201 ||  6065
       Scimitar          |       |       |       |       |    88 |       |       |       |       ||    88
       Triple sword      |       |       |       |       |    26 |    27 |    99 |       |   511 ||   663
 Cast: Blink             |       |       |       |       |       |       |       |       |    51 ||    51
       Summon Butterflie |       |       |       |       |       |       |       |       |    11 ||    11
Invok: Berserk           |     1 |     6 |     6 |    21 |    24 |    17 |    11 |    12 |     2 ||   100
       Trog's Hand       |       |       |     1 |     7 |     4 |    20 |    14 |     1 |       ||    47
       Brothers in Arms  |       |       |       |     5 |     9 |     8 |     9 |       |       ||    31
       Slouch            |       |       |       |       |       |       |       |       |     4 ||     4
Evoke: Wand              |       |       |     7 |    51 |     5 |    44 |     8 |    10 |    24 ||   149
       Phial of floods   |       |       |       |       |     1 |     1 |       |     1 |     3 ||     6
       Box of beasts     |       |       |       |       |       |       |       |     4 |     1 ||     5
       Sack of spiders   |       |       |       |       |       |       |       |     2 |     1 ||     3
       Lamp of fire      |       |       |       |       |       |       |       |       |     2 ||     2
  Use: Potion            |       |       |     6 |     2 |     9 |    15 |     6 |     5 |     4 ||    47
       Scroll            |       |       |     6 |     5 |    31 |    27 |    25 |    24 |    21 ||   139
 Stab: Sleeping          |       |       |     1 |       |     7 |     1 |       |       |     3 ||    12
       Invisible         |       |       |       |       |     1 |     1 |     9 |       |       ||    11
       Confused          |       |       |       |       |       |     2 |     4 |       |    19 ||    25
       Distracted        |       |       |       |       |       |       |     3 |       |     2 ||     5
  Eat: Chunk             |    10 |    23 |    36 |    73 |   108 |    93 |   108 |    67 |    64 ||   582
       Ration            |       |       |     1 |     3 |     2 |     5 |     6 |     3 |     6 ||    26
Armor: Animal skin       |    27 |   117 |   234 |    64 |       |       |       |       |       ||   442
       Troll leather arm |       |       |       |   255 |   352 |       |       |    16 |       ||   623
       Ice dragon scales |       |       |       |       |   264 |   870 |  1398 |   779 |       ||  3311
       Gold dragon scale |       |       |       |       |       |       |       |    49 |  1400 ||  1449
       Acid dragon scale |       |       |       |       |       |       |       |       |   169 ||   169
Dodge: Dodged            |    44 |   153 |   258 |   344 |   439 |   450 |   761 |   513 |   727 ||  3689
Block: Other             |       |       |    16 |    91 |    98 |       |       |       |       ||   205
       Reflection        |       |       |       |     5 |     1 |       |       |       |       ||     6
       Rpst.: Falchion   |    15 |    40 |    87 |     8 |       |       |       |       |       ||   150
       Great sword       |       |       |       |       |   104 |   100 |   141 |    97 |    89 ||   531
       Scimitar          |       |       |       |       |     4 |       |       |       |       ||     4
       Triple sword      |       |       |       |       |     3 |     6 |     9 |       |    58 ||    76
